 Dungeon Crawl Stone Soup version 0.27-a0-412-g8dd771eca2 (webtiles) character file.

Game seed: 18229045948481474343

365 Morbidden the Sneak (level 6, 0/47 HPs)
             Began as a Demonspawn Brigand on Feb 24, 2021.
             Slain by an orc wizard
             ... wielding a +0 flail
              (7 damage)
             ... on level 4 of the Dungeon.
             The game lasted 00:04:37 (3172 turns).

Morbidden the Sneak (Demonspawn Brigand)            Turns: 3172, Time: 00:04:37

Health: 0/47       AC: 10    Str: 11    XL:     6   Next: 40%
Magic:  6/6        EV: 13    Int: 20    God:
Gold:   149        SH:  0    Dex: 15    Spells: 5/5 levels left

rFire    . . .     SeeInvis .   v - +2 short sword (freeze)
rCold    . . .     Faith    .   (no shield)
rNeg     . . .     Spirit   .   b - +0 robe
rPois    .         Reflect  .   (no helmet)
rElec    .         Harm     .   c - +0 cloak
rCorr    .         Rampage  .   (no gloves)
Will     .....                  (no boots)
Stlth    +++.......             (no amulet)
HPRegen  0.15/turn              h - +4 ring of protection
MPRegen  0.10/turn              u - +6 ring of intelligence

@: no status effects
A: slimy green scales 2, powered by death 2
a: no special abilities


You were on level 4 of the Dungeon.
You visited 1 branch of the dungeon, and saw 4 of its levels.

You collected 149 gold pieces.

Inventory:

Hand Weapons
 a - a +2 dagger
 v - a +2 short sword of freezing (weapon)
Missiles
 d - 8 poisoned darts (quivered)
 e - 2 curare-tipped darts
 i - 5 javelins
Armour
 b - a +0 robe (worn)
 c - a +0 cloak (worn)
Jewellery
 h - a +4 ring of protection (left hand)
 u - a +6 ring of intelligence (right hand)
 y - an amulet of magic regeneration {unknown}
 B - a ring of flight
Wands
 t - a wand of polymorph (6)
 x - a wand of random effects (13)
 A - a wand of digging (6)
Scrolls
 f - 5 scrolls of identify {unknown}
 k - 3 scrolls of random uselessness {unknown}
 l - 4 scrolls of teleportation {unknown}
 m - a scroll of enchant armour {unknown}
 n - 2 scrolls of fear {unknown}
 p - a scroll of magic mapping {unknown}
 w - a scroll of immolation {unknown}
 z - a scroll of amnesia {unknown}
Potions
 g - 3 potions of curing {unknown}
 j - a potion of flight {unknown}
 o - a potion of magic {unknown}
 q - a potion of cancellation {unknown}
 r - a potion of might {unknown}
 s - a potion of haste {unknown}


   Skills:
 * Level 3.4 Fighting
 + Level 3.3 Short Blades
 + Level 2.0 Throwing
 * Level 2.7 Dodging
 + Level 5.2 Stealth


You had 5 spell levels left.
You didn't know any spells.
Your spell library was empty.

Dungeon Overview and Level Annotations

Branches:
Dungeon (4/15)
 Temple: D:4-7

Altars:
Qazlal
Wu Jian

Annotations:
D:4 Pikel


Innate Abilities, Weirdness & Mutations

You are mostly covered in slimy green scales. (AC +3)
You regenerate health from kills.


Message History

The orc wizard points at itself and mumbles some strange words.
The orc wizard flickers and vanishes!
The lemure barely misses you.
You barely miss the lemure.
The lemure is almost dead.
You feel sick. The lemure barely misses you.
You barely miss the lemure.
The lemure is almost dead.
The lemure hits you.
You puncture the lemure! You freeze the lemure.
You kill the lemure!
That felt strangely unrewarding.
You closely miss the lemure. The lemure barely misses you.
You miss the lemure.
You feel sick.
You are no longer poisoned.
The lemure hits you!
* * * LOW HITPOINT WARNING * * *
You hit the lemure. You freeze the lemure.
The lemure is moderately wounded.
The lemure hits you!
* * * LOW HITPOINT WARNING * * *
You hit the lemure. You freeze the lemure.
The lemure is heavily wounded.
The lemure misses you.
You closely miss the lemure.
The lemure is heavily wounded.
The lemure barely misses you.
You hit the lemure. You freeze the lemure.
The lemure is almost dead.
You barely miss the lemure.
The lemure is almost dead.
The lemure hits you but does no damage.
Unknown command.
Unknown command.
You hit the lemure. You freeze the lemure.
You kill the lemure!
That felt strangely unrewarding.
You barely miss something.
An orc wizard appears from thin air!
Reactivating autopickup.
The orc wizard hits you with a +0 flail!
You die...

####........# #..##
##...........# ##..#
.............# #..##
.............#
##...###.
............#
###........
............#
####...######.
........5.5##
###...####
...........####...###
..........###@..###
...........Bo####
...........###
.........###
.......### ##...##
##.. #.


You could see a worker ant and an orc wizard.

Vanquished Creatures
  A phantom (D:4)
  2 lemures (D:4)
  A scorpion (D:4)
  A hound (D:4)
  Crazy Yiuf (D:2)
  Jessica (D:3)
  An orc wizard (D:4)
  A worker ant (D:4)
  3 adders
  2 oozes (D:1)
  A worm (D:2)
  2 dart slugs
  4 orcs (D:4)
  2 ball pythons (D:1)
  8 bats
  3 giant cockroaches
  4 hobgoblins
  4 jackals
  4 kobolds
  A quokka (D:4)
  3 frilled lizards (D:1)
  9 goblins
  13 rats
72 creatures vanquished.

Notes
Turn   | Place    | Note
-------+----------+-------------------------------------------
     0 | D:1      | Morbidden the Demonspawn Brigand began the quest for the
                  | Orb.
     0 | D:1      | Reached XP level 1. HP: 16/16 MP: 1/1
     1 | D:1      | Found a runed translucent door.
   133 | D:1      | Reached skill level 1 in Dodging
   141 | D:1      | Gained mutation: You regenerate a little health from kills.
                  | [demonic ancestry]
   141 | D:1      | Reached XP level 2. HP: 20/22 MP: 2/2
   328 | D:1      | Reached skill level 4 in Stealth
   532 | D:1      | Reached XP level 3. HP: 28/28 MP: 3/3
   898 | D:2      | Found a faded altar of an unknown god.
   992 | D:2      | Found a stormy altar of Qazlal.
  1269 | D:2      | Gained mutation: You are partially covered in slimy green
                  | scales. (AC +2) [demonic ancestry]
  1269 | D:2      | Reached XP level 4. HP: 34/34 MP: 4/4
  1329 | D:2      | Found a runed translucent door.
  1330 | D:2      | Noticed Crazy Yiuf
  1424 | D:2      | Killed Crazy Yiuf
  1680 | D:3      | Noticed Jessica
  1688 | D:3      | Killed Jessica
  1892 | D:3      | Gained mutation: You regenerate health from kills. [demonic
                  | ancestry]
  1892 | D:3      | Reached XP level 5. HP: 40/40 MP: 5/5
  2490 | D:4      | Found an ornate altar of the Wu Jian Council.
  2541 | D:4      | Noticed a phantom
  2565 | D:4      | Killed a phantom
  2566 | D:4      | Reached skill level 5 in Stealth
  2682 | D:4      | Gained mutation: You are mostly covered in slimy green
                  | scales. (AC +3) [demonic ancestry]
  2682 | D:4      | Reached XP level 6. HP: 19/47 MP: 6/6
  3135 | D:4      | Noticed Pikel
  3172 | D:4      | Slain by an orc wizard

Illustrated notes

Levels and vault maps discovered:
D:1:      dpeg_arrival_caged_fury, layout_basic
D:2:      layout_rooms, old_standard_altar, chequers_ecumenical_altar_lobes,
          kennysheep_donut, due_unseen_surprise, uniq_crazy_yiuf_cottage
D:3:      layout_loops_ring, uniq_jessica
D:4:      layout_cave_pods, lemuel_round_altar, nicolae_dithmenos_shadow_blocks,
          uniq_grinder, uniq_pikel

Skill      XL: |  1  2  3  4  5 |
---------------+----------------+-----
Dodging        | 1 2 |  2.7
Stealth        | 4 5 |  5.2
Short Blades   | 2 3 |  3.3
Fighting       | 3 |  3.4
Throwing       | 2 |  2.0

Action                   |  1- 3 |  4- 6 || total
-------------------------+-------+-------++-------
Melee: Dagger            |   145 |    10 ||   155
       Short sword       |       |   101 ||   101
       Unarmed           |       |     3 ||     3
Throw: Dart              |       |     4 ||     4
 Stab: Sleeping          |    10 |     5 ||    15
Armor: Robe              |    31 |    49 ||    80
Dodge: Dodged            |    80 |    54 ||   134

Table legend: (Time is in decaauts)
 A = Elapsed time spent in this place.
 B = Non-inter-level travel time spent in this place.
 C = Inter-level travel time spent in this place.
 D = Time resting spent in this place.
 E = Time spent auto-exploring this place.
 F = Levels seen in this place.
 G = Mean time per level.
                   A        B        C        D        E       F      G
               +--------+--------+--------+--------+--------+-----+--------+
         Total |   3147 |   3026 |    121 |     14 |   2428 |   4 |  786.8 |
       Dungeon |   3147 |   3026 |    121 |     14 |   2428 |   4 |  786.8 |
               +--------+--------+--------+--------+--------+-----+--------+

Top non-repeatable levels by time:
     D:2: 870 daAuts
     D:3: 804 daAuts
     D:1: 777 daAuts
     D:4: 695 daAuts
